 Dungeon Crawl Stone Soup version 0.30.0-5-g1a98f26d00 (webtiles) character file.

Game seed: 1274543568365836618

109 qeuew the Covered (level 4, 0/40 HPs)
             Began as a Minotaur Fighter on May 9, 2023.
             Slain by Grinder (7 damage)
             ... while paralysed by Grinder
             ... on level 3 of the Dungeon.
             The game lasted 00:04:00 (1679 turns).

qeuew the Covered (Minotaur Fighter)                Turns: 1679, Time: 00:04:00

Health: 0/40       AC:  7    Str: 20    XL:     4   Next: 60%
Magic:  3/3        EV:  2    Int:  5    God:
Gold:   73         SH:  0    Dex: 12    Spells: 3/3 levels left

rFire   . . .        h - +0 broad axe
rCold   . . .        c - +0 buckler
rNeg    . . .        b - +0 scale mail
rPois   .            (helmet restricted)
rElec   .            (no cloak)
rCorr   .            (no gloves)
SInv    .            (no boots)
Will    .....        (no amulet) Stlth
                     (no ring)
HPRegen 0.26/turn    (no ring)
MPRegen 0.08/turn

%: no passive effects
@: paralysed
A: horns 2, retaliatory headbutt
a: no special abilities


You were on level 3 of the Dungeon.
You visited 1 branch of the dungeon, and saw 3 of its levels.

You collected 73 gold pieces.

Inventory:

Hand Weapons
 a - a +0 war axe
 h - a +0 broad axe (weapon)
Armour
 b - a +0 scale mail (worn)
 c - a +0 buckler (worn)
Potions
 d - a potion of might


   Skills:
 + Level 4.2 Fighting
 + Level 3.2 Axes
 * Level 4.8 Armour
 + Level 1.5 Dodging
 + Level 4.3 Shields


You had 3 spell levels left.
You didn't know any spells.
Your spell library contained the following spells:

 Spells                   Type           Power      Damage    Failure   Level
 Blink                    Tloc           0%         N/A       95%         2
 Ensorcelled Hibernation  Hex/Ice        0%         N/A       95%         2
 Passwall                 Tmut/Erth      0%         N/A       95%         2
 Swiftness                Air            0%         N/A       99%         3
 Manifold Assault         Tloc           0%         N/A       100%        4
 Storm Form               Tmut/Air       0%         N/A       100%        7


Dungeon Overview and Level Annotations

Branches:
Dungeon (3/15)

Altars:
Yredelemnul

Annotations:
D:3 Grinder, Ijyb


Innate Abilities, Weirdness & Mutations

You have a pair of horns on your head.
You reflexively headbutt those who attack you in melee.


Message History

There are monsters nearby!
Grinder blinks!
You slash Grinder!
Grinder is moderately wounded.
Grinder hits you.
You writhe in agony.
You closely miss Grinder. You headbutt Grinder.
Grinder is moderately wounded.
Grinder gestures at you.
You suddenly lose the ability to move!
Ijyb screams, "You nasty!
Big nasty!"
Grinder completely misses you.
You can move again.
You hit Grinder. Your headbutt misses Grinder.
Grinder is moderately wounded.
Ijyb zaps a wand.
The puff of flame hits you! Grinder hits you but does no damage.
Ijyb zaps a wand.
The puff of flame hits you!
Grinder blinks!
You are too injured to fight recklessly!
You are too injured to fight recklessly!
You are too injured to fight recklessly!
You are too injured to fight recklessly!
You are too injured to fight recklessly!
You are too injured to fight recklessly!
You are too injured to fight recklessly!
You are too injured to fight recklessly!
You are too injured to fight recklessly!
You are too injured to fight recklessly!
You are too injured to fight recklessly!
Unknown command.
Grinder gestures at you.
You suddenly lose the ability to move!
Ijyb hits you but does no damage. Grinder hits you.
* * * LOW HITPOINT WARNING * * *
You writhe in agony.
* * * LOW HITPOINT WARNING * * *
Ijyb hits you with a +0 dagger.
* * * LOW HITPOINT WARNING * * *
Grinder hits you!
You die...

.....#####
.....#...##
..........##
.$........#
#........#
#........#
#......# #
#......#....
#..@5.......
#.g.....(...
#..............
......?....#....
...............#
.......####.....
....... #....
#.....# .#.


You could see Grinder and Ijyb.

Vanquished Creatures
  Jessica (D:2)
  Robin (D:2)
  An adder (D:2)
  A worm (D:2)
  2 dart slugs (D:1)
  3 bats (D:1)
  2 endoplasms (D:2)
  2 giant cockroaches (D:1)
  12 goblins
  8 hobgoblins
  4 quokkas
  A ball python (D:1)
  5 frilled lizards (D:1)
  7 kobolds
  4 rats
54 creatures vanquished.

Notes
Turn   | Place    | Note
-------+----------+-------------------------------------------
     0 | D:1      | qeuew the Minotaur Fighter began the quest for the Orb.
     0 | D:1      | Reached XP level 1. HP: 19/19 MP: 0/0
    80 | D:1      | Reached XP level 2. HP: 23/27 MP: 1/1
   366 | D:1      | Reached skill level 1 in Dodging
   366 | D:1      | Reached XP level 3. HP: 29/33 MP: 2/2
   964 | D:2      | Noticed Robin
   979 | D:2      | Killed Robin
   985 | D:2      | Reached XP level 4. HP: 27/40 MP: 3/3
  1198 | D:2      | Noticed Jessica
  1205 | D:2      | Killed Jessica
  1382 | D:2      | Found a basalt altar of Yredelemnul.
  1669 | D:3      | Noticed Ijyb
  1669 | D:3      | Noticed Grinder
  1673 | D:3      | Paralysed by Grinder for 2 turns
  1676 | D:3      | Paralysed by Grinder for 4 turns
  1679 | D:3      | Slain by Grinder

Illustrated notes

Levels and vault maps discovered:
D:1:      psy_arrival_terrarium, layout_basic, minmay_hexomino_f4
D:2:      layout_loops_corners, basic_altar, uniq_jessica, uniq_robin
D:3:      layout_rooms, minmay_gold_behind_fungi, minmay_shallow_snake_nest,
          uniq_sigmund, uniq_natasha, uniq_ijyb, uniq_grinder

Skill      XL: |  1  2  3 |
---------------+----------+-----
Armour         | 4 |  4.8
Dodging        | 1 |  1.5
Fighting       | 4 |  4.2
Shields        | 4 |  4.3
Axes           | 3 |  3.2

Action                     |  1- 3 |  4- 6 || total
---------------------------+-------+-------++-------
  Melee: War axe           |    96 |    25 ||   121
         Headbutt          |    14 |     7 ||    21
         Broad axe         |       |    10 ||    10
    Use: Potion            |     2 |       ||     2
         Scroll            |     1 |     3 ||     4
 Armour: Scale mail        |    65 |    12 ||    77
  Dodge: Dodged            |    52 |    13 ||    65
  Block: Buckler           |    26 |     7 ||    33
